 Dungeon Crawl Stone Soup version 0.24-a0-537-g2d01d4ab0a (webtiles) character file.

Game seed: 1049686154000508952

3702 Mithandil the Spear-Bearer (level 9, -3/77 HPs)
             Began as a Minotaur Gladiator on Aug 15, 2019.
             Was a Follower of the Shining One.
             Slain by a slime creature (11 damage)
             ... on level 7 of the Dungeon.
             The game lasted 00:47:11 (7554 turns).

Mithandil the Spear-Bearer (Minotaur Gladiator)     Turns: 7554, Time: 00:47:11

Health: -3/77      AC: 16    Str: 23    XL:     9   Next: 91%
Magic:  0/8        EV:  8    Int:  5    God:    the Shining One [*.....]
Gold:   137        SH: 13    Dex: 15    Spells: 8/8 levels left

rFire    . . .     SeeInvis .   b - +9 staff of Olgreb {rPois}
rCold    + . .     Gourm    .   l - +2 shield
rNeg     . . .     Faith    .   o - +0 plate armour {rPois}
rPois    ∞         Spirit   +   c - +0 hat
rElec    .         Reflect  .   J - +1 cloak
rCorr    .         Harm     .   G - +0 pair of gloves
MR       .....                  (no boots)
Stlth    ..........             L - amulet of guardian spirit
HPRegen  0.22/turn              r - ring of protection from cold
MPRegen  0.11/turn              B - +4 ring of dexterity

@: glowing
A: retaliatory headbutt, horns 2
a: Renounce Religion


You were on level 7 of the Dungeon.
You worshipped the Shining One.
The Shining One was aware of your devotion.
You were not hungry.

You visited 2 branches of the dungeon, and saw 10 of its levels.

You collected 515 gold pieces.
You spent 378 gold pieces at shops.

Inventory:

Hand Weapons
 a - a +1 trident
 b - the +9 staff of Olgreb (weapon) {rPois}
   (You found it on level 5 of the Dungeon)

   It protects you from poison.
 e - a +0 whip
 j - a +0 dagger of venom
 q - a +0 hand axe
 s - a +0 falchion
 y - a +2 dagger of speed
 D - a -1 hunting sling
 F - a +1 dagger of speed
Missiles
 d - 3 throwing nets
 g - 2 silver javelins (quivered)
 h - 228 stones
 m - 84 sling bullets
 n - 56 bolts
 E - 15 poisoned darts
Armour
 c - a +0 hat (worn)
 k - the +0 robe "Puum" {rF++ MP-9 Dex+5}
   (You found it on level 5 of the Dungeon)

   It affects your dexterity (+5).
   It greatly protects you from fire.
   It affects your magic capacity (-9).
 l - a +2 shield (worn)
 o - a +0 plate armour of poison resistance (worn)
 G - a +0 pair of gloves (worn)
 J - a +1 cloak (worn)
Magical Staves
 x - an uncursed staff of fire
Jewellery
 r - a ring of protection from cold (left hand)
 B - a +4 ring of dexterity (right hand)
 L - an amulet of guardian spirit (around neck)
Wands
 v - a wand of paralysis (13)
 A - a wand of flame (8)
Scrolls
 t - 5 scrolls of teleportation
 u - 7 scrolls of remove curse
 C - a scroll of identify
 M - a scroll of magic mapping
 O - a scroll of enchant armour
Potions
 p - a potion of curing
 w - 2 potions of magic
 H - a potion of invisibility {unknown}
 I - a potion of brilliance
 N - a potion of mutation {unknown}
Miscellaneous
 z - a phantom mirror
Comestibles
 f - 10 rations


   Skills:
 + Level 6.3 Fighting
 * Level 9.2(9.5) Polearms
 * Level 3.7(7.0) Staves
 + Level 4.4(4.7) Slings
 - Level 2.0(3.3) Throwing
 + Level 5.8 Armour
 + Level 6.3 Dodging
 * Level 8.1 Shields
 - Level 1.0 Unarmed Combat


You had 8 spell levels left.
You didn't know any spells.
Your spell library was empty.

Dungeon Overview and Level Annotations

Branches:
Dungeon (9/15)             Temple (1/1) D:5
   Lair: D:8-11         Orc: D:9-12

Altars:
Ashenzari
Cheibriados
Dithmenos
Elyvilon
Fedhas
Gozag
Hepliaklqana
Kikubaaqudgha
Makhleb
Nemelex Xobeh
Okawaru
Qazlal
Ru
Sif Muna
Trog
Uskayaw
Vehumet
Wu Jian
Xom
Yredelemnul
Zin
The Shining One

Shops:
D:4 [

Annotations:
D:7 1 transporter, hydraslayer's ghost, novice SpAK


Innate Abilities, Weirdness & Mutations

You reflexively headbutt those who attack you in melee.
You have a pair of horns on your head.


Message History

You feel better. You block the slime creature's attack.
The very large slime creature hits you!!
* * * LOW HITPOINT WARNING * * *
You block the slime creature's attack.
Your shield and plate armour prevent you from hitting the slime creature.
The slime creature is moderately wounded.
The slime creature hits you but does no damage.
A very large slime creature splits.
You hit the slime creature.
The slime creature is heavily wounded.
The slime creature hits you.
* * * LOW HITPOINT WARNING * * *
You block the slime creature's attack.
You block the large slime creature's attack.
The slime creature hits you.
* * * LOW HITPOINT WARNING * * *
You hit the slime creature. You headbutt the slime creature.
The slime creature is severely wounded.
You block the slime creature's attack. The slime creature hits you!
You die...

..# #..### #........## #.. ..#
#..# ##........###.. ..## ##..#
#............. ...## #...#
#............. ....####...##
##............ ............#
##............ ###.........##
###.............
#..)...#...#####...............
####....###...##@J...............
.###....# #....JJJ..###..........
..###...# ##..(...#####......####
...#....# ##....### #.......##
#.......###....## ##........#
#..............## #.........###
................## ##............
....###....##....###.............
..### ##....#....................


You could see a large slime creature and 3 slime creatures.

Vanquished Creatures
  A slime creature (D:8)
  Menkaure (D:6)
  6 soldier ants (D:5)
  2 water moccasins (D:5)
  2 sky beasts (D:7)
  A black bear (D:6)
  3 phantoms
  4 ogres
  A centaur (D:6)
  4 big kobolds
  A gnoll sergeant (D:8)
  9 killer bees (D:5)
  2 crimson imps (D:7)
  2 hounds
  2 orc priests (D:5)
  2 bullfrog skeletons
  A centaur skeleton (D:8)
  4 orc wizards (D:5)
  An iguana (D:5)
  7 worker ants
  7 gnolls
  10 adders
  A shadow imp (D:7)
  An adder skeleton (D:5)
  4 worms
  4 dart slugs
  2 leopard geckos
  12 orcs
  2 ball pythons (D:1)
  2 giant cockroaches
  7 goblins
  6 hobgoblins
  7 jackals
  19 kobolds
  5 quokkas
  11 bats
  3 frilled lizards
  5 rats
164 creatures vanquished.

Notes
Turn   | Place    | Note
-------+----------+-------------------------------------------
     0 | D:1      | Mithandil the Minotaur Gladiator began the quest for the
                  | Orb.
     0 | D:1      | Reached XP level 1. HP: 18/18 MP: 0/0
   134 | D:2      | Reached XP level 2. HP: 25/25 MP: 1/1
   217 | D:2      | Reached skill level 4 in Polearms
   452 | D:1      | Reached skill level 1 in Armour
   533 | D:2      | Reached skill level 1 in Shields
   545 | D:2      | Reached skill level 1 in Unarmed Combat
   545 | D:2      | Reached XP level 3. HP: 27/30 MP: 2/2
  1745 | D:4      | Noticed an ogre
  1750 | D:4      | Killed an ogre
  1750 | D:4      | Reached XP level 4. HP: 38/38 MP: 3/3
  1750 | D:4      | Reached XP level 5. HP: 45/45 MP: 4/4
  1894 | D:5      | Entered Level 5 of the Dungeon
  1970 | D:3      | Found an iron altar of Okawaru.
  2193 | D:3      | Reached skill level 5 in Polearms
  2217 | D:3      | Reached XP level 6. HP: 20/51 MP: 5/5
  2628 | D:4      | Found Puweer's Armour Shoppe.
  2668 | D:4      | Shop D4
  3808 | D:5      | Found a staircase to the Ecumenical Temple.
  3822 | Temple   | Entered the Ecumenical Temple
  4019 | D:5      | Found a hide-covered altar of Uskayaw.
  4029 | D:5      | Reached XP level 7. HP: 30/59 MP: 6/6
  4032 | D:5      | Reached skill level 6 in Polearms
  4056 | D:5      | Reached skill level 1 in Slings
  4602 | D:5      | Found the +9 staff of Olgreb {rPois}
  4608 | D:5      | Found a runed translucent gate.
  4608 | D:5      | Found a runed translucent gate.
  4609 | D:5      | Found a runed translucent door.
  4619 | D:5      | Found a runed translucent gate.
  4621 | D:5      | Found a runed translucent door.
  4772 | D:5      | Poison Vault D5
  5056 | D:7      | Found a transporter.
  5057 | D:7      | Noticed hydraslayer's ghost (novice SpAK)
  5080 | D:7      | Identified the +5 great mace "Goakyn" {flame, Int+5}
  5168 | D:4      | Bought a +0 plate armour of poison resistance for 378 gold
                  | pieces
  5229 | D:5      | Reached skill level 5 in Shields
  5238 | D:5      | Reached skill level 5 in Dodging
  5238 | D:5      | Reached XP level 8. HP: 62/67 MP: 7/7
  5242 | D:5      | Reached skill level 7 in Polearms
  5250 | D:5      | Reached skill level 5 in Fighting
  5299 | D:5      | Reached skill level 8 in Polearms
  5491 | D:5      | Got a steaming robe
  5492 | D:5      | Identified the +0 robe "Puum" {rF++ MP-9 Dex+5} (You found
                  | it on level 5 of the Dungeon)
  5510 | D:5      | Reached XP level 9. HP: 70/74 MP: 8/8
  5523 | D:5      | Reached skill level 5 in Armour
  5741 | D:6      | Reached skill level 1 in Staves
  6101 | D:6      | Found a sparkling altar of Nemelex Xobeh.
  6102 | D:6      | Found a snail-covered altar of Cheibriados.
  6103 | D:6      | Found a glowing golden altar of the Shining One.
  6103 | D:6      | Found a blossoming altar of Fedhas.
  6115 | D:6      | Became a worshipper of the Shining One
  6125 | D:6      | Noticed Menkaure
  6130 | D:6      | Killed Menkaure
  6589 | D:9      | Reached skill level 9 in Polearms
  6873 | D:7      | Reached * piety under the Shining One
  7554 | D:7      | Slain by a slime creature

Levels and vault maps discovered:
D:1:      scummos_arrival_simple_crosswalls, layout_basic
D:2:      layout_basic, chequers_decorated_corner,
          hangedman_abyss_or_decor_stabs, st_stairs_8
D:3:      cheibrodos_thug_alley, layout_basic, marbit_many_paths
D:4:      minmay_inner_zag, layout_basic, serial_shops, shop_fountains,
          fountainhead
D:5:      layout_cave_pools, eat_drink_and_be_merry_uskayaw,
          minmay_temple_entry_antechambers, first_ration,
          minmay_guarded_unrand_staff_of_olgreb
D:6:      layout_loops_ring, chequers_temple_overflow_statue_of_worship,
          uniq_menkaure
D:7:      layout_layer_cave, gammafunk_ghost_smash
D:8:      layout_cave_pods
D:9:      layout_roguey
Temple:   eino_temple_rhombus

Skill      XL: |  1  2  3  4  5  6  7  8  9 |
---------------+----------------------------+-----
Polearms       | 4 5 6 8 9 |  9.2
Armour         | 1 2 3 4 5 |  5.8
Shields        | 1 2 3 4 5 6 8 |  8.1
Unarmed Combat | 1 |  1.0
Fighting       | 3 4 5 6 |  6.3
Dodging        | 4 5 6 |  6.3
Slings         | 2 3 4 |  4.4
Staves         | 3 |  3.7
Throwing       | |  2.0

Action                   |  1- 3 |  4- 6 |  7- 9 || total
-------------------------+-------+-------+-------++-------
Melee: Trident           |    92 |   143 |    85 ||   320
       Headbutt          |    12 |    20 |    86 ||   118
       Dagger            |       |       |   122 ||   122
       Staff             |       |       |   111 ||   111
  Use: Potion            |     5 |     5 |     7 ||    17
       Scroll            |     3 |     8 |     7 ||    18
  Eat: Chunk             |     1 |     8 |     8 ||    17
       Ration            |       |       |     2 ||     2
Armor: Leather armour    |     2 |       |       ||     2
       Plate armour      |    44 |    81 |   191 ||   316
Dodge: Dodged            |    27 |    40 |    93 ||   160
Block: Buckler           |    23 |    39 |       ||    62
       Shield            |       |     4 |   225 ||   229

Table legend:
 A = Non-vault XP
 B = Vault XP
 C = Vault XP percentage of total XP
 D = Non-vault monster count
 E = Vault monster count
 F = Vault count percentage of total count
                 A         B        C        D         E       F
            +---------+---------+-------+---------+---------+-------
      Total |    2845 |    2444 |  46.2 |     123 |      41 |  25.0
            +---------+---------+-------+---------+---------+-------
        D:1 |      44 |       0 |   0.0 |      24 |       0 |   0.0
        D:2 |      33 |       4 |  10.8 |       9 |       2 |  18.2
        D:3 |      42 |     212 |  83.5 |      14 |      11 |  44.0
        D:4 |     225 |      81 |  26.5 |      10 |       3 |  23.1
        D:5 |     271 |    1978 |  88.0 |      14 |      24 |  63.2
        D:6 |     683 |     169 |  19.8 |      24 |       1 |   4.0
        D:7 |     702 |       0 |   0.0 |      13 |       0 |   0.0
        D:8 |     573 |       0 |   0.0 |       7 |       0 |   0.0
        D:9 |     272 |       0 |   0.0 |       8 |       0 |   0.0
            +---------+---------+-------+---------+---------+-------
